 Dungeon Crawl Stone Soup version 0.26.0-10-g1f06aea511 (webtiles) character file.

Game seed: 586093216533048902

477 vatarom the Skirmisher (level 7, -1/72 HPs)
             Began as an Ogre Hunter on Jan 17, 2021.
             Killed from afar by an orc wizard (11 damage)
             ... with a puff of frost
             ... on level 4 of the Dungeon.
             The game lasted 00:05:38 (4854 turns).

vatarom the Skirmisher (Ogre Hunter)                Turns: 4854, Time: 00:05:39

Health: -1/72      AC:  3    Str: 23    XL:     7   Next: 11%
Magic:  7/7        EV: 12    Int: 12    God:
Gold:   199        SH:  0    Dex: 17    Spells: 6/6 levels left

rFire    . . .     SeeInvis .   h - +4 whip (vamp)
rCold    . . .     Faith    .   (no shield)
rNeg     . . .     Spirit   .   b - +0 robe
rPois    .         Reflect  .   (helmet restricted)
rElec    .         Harm     .   (no cloak)
rCorr    .         Rampage  .   (gloves unavailable)
Will     .....                  (boots unavailable)
Stlth    ++........             (no amulet)
HPRegen  0.22/turn              m - +6 ring of strength
MPRegen  0.10/turn              y - +6 ring of dexterity

@: no status effects
A: large, unfitting armour, tough skin 1
a: no special abilities


You were on level 4 of the Dungeon.
You visited 1 branch of the dungeon, and saw 5 of its levels.

You collected 199 gold pieces.

Inventory:

Hand Weapons
 h - a +4 vampiric whip (weapon)
 z - a +0 flail
Missiles
 c - 5 large rocks
 d - 2 throwing nets {!f}
 e - 116 stones
 f - 11 poisoned darts (quivered)
Armour
 b - a +0 robe (worn)
 x - a cursed +0 cloak
Jewellery
 m - a +6 ring of strength (left hand)
 y - a +6 ring of dexterity (right hand)
Wands
 o - a wand of paralysis (10)
 q - a wand of enslavement (7)
 t - a wand of acid (12) {@v2}
Scrolls
 a - 2 scrolls of identify {@r1}
 g - a scroll of enchant weapon
 i - 2 scrolls of remove curse {@r2}
 j - a scroll of magic mapping {unknown}
 n - a scroll of blinking {unknown}
Potions
 k - a potion of might {unknown}
 l - a potion of resistance {unknown}
 p - a potion of haste {unknown}
 r - 2 potions of flight {unknown}
 s - a potion of degeneration {unknown}
 u - a potion of cancellation {unknown}
 v - a potion of curing {unknown}
 w - a potion of ambrosia {unknown}
 A - a potion of brilliance {unknown}


   Skills:
 + Level 5.4 Fighting
 * Level 4.1 Maces & Flails
 - Level 4.0 Throwing
 * Level 3.9 Dodging
 - Level 0.6 Stealth


You had 6 spell levels left.
You didn't know any spells.
Your spell library was empty.

Dungeon Overview and Level Annotations

Branches:
Dungeon (5/15)
 Temple: D:4-7

Altars:
Okawaru

Annotations:
D:4 1 runed translucent door, Gypyx's ghost, amateur MiBe


Innate Abilities, Weirdness & Mutations

You are too large for most types of armour.
You have tough skin. (AC +1)


Message History

A puff of flame appears from out of thin air!
The puff of flame hits you.
You closely miss something.
The orc wizard hits you with a +0 dagger.
The orc wizard miscasts a cantrip.
You hear some strange, mumbled words.
A magic dart appears from out of thin air!
The magic dart hits you!
* * * LOW HITPOINT WARNING * * *
Something completely misses you.
The orc wizard hits you but does no damage.
The orc wizard points at you and mumbles some strange words.
The puff of frost hits you!
* * * LOW HITPOINT WARNING * * *
There is an open door here.
You hear some strange, mumbled words.
Something tries to affect you, but you resist.
The orc wizard points at you and mumbles some strange words.
The puff of frost hits you!
You die...

#...#.......### #....#
###.####......# #....#
#.....<.....# #....#
####.##........# ######....#
..'...#........# #.........#
.###..#........###.........#
[#..###..........o{.>...####
###..##....#####.#......#
#..####.#..# #@#......#
##..#.#.#..#####.######.#
..###.#.#.^.....[.#.....##
#..#).#.#...........###..##
.###.##.#..........##W##..##
..#...#.#.........##...##..#
###.#.#.##.).....##.....##.#
.#..###.##.......#⌠.!♣!.⌠#.#
##....#.##.......##.....##.#


You could see an orc wizard (fast).

Vanquished Creatures
  A bullfrog skeleton (D:4)
  An orc priest (D:4)
  Natasha (D:2)
  An iguana (D:4)
  3 orc wizards (D:4)
  3 worker ants (D:4)
  3 gnolls (D:3)
  7 adders
  2 river rats (D:3)
  An ooze (D:4)
  An adder zombie (D:4)
  4 worms
  5 leopard geckos
  8 orcs
  5 giant cockroaches
  7 goblins
  6 hobgoblins
  7 jackals
  3 kobolds
  2 quokkas
  4 ball pythons
  3 bats
  5 frilled lizards
  9 rats
92 creatures vanquished.

Notes
Turn   | Place    | Note
-------+----------+-------------------------------------------
     0 | D:1      | vatarom the Ogre Hunter began the quest for the Orb.
     0 | D:1      | Reached XP level 1. HP: 22/22 MP: 1/1
   104 | D:1      | Reached skill level 3 in Fighting
   116 | D:1      | Reached XP level 2. HP: 28/31 MP: 2/2
   780 | D:1      | Reached skill level 1 in Maces & Flails
   831 | D:1      | Reached XP level 3. HP: 37/37 MP: 3/3
  1074 | D:2      | Found an iron altar of Okawaru.
  1305 | D:2      | Noticed Natasha
  1315 | D:2      | Killed Natasha
  1316 | D:2      | Reached XP level 4. HP: 18/48 MP: 4/4
  1877 | D:3      | Reached skill level 4 in Fighting
  2023 | D:3      | HP: 2/48 [gnoll/+0 spear (4)]
  2039 | D:3      | Reached XP level 5. HP: 5/54 MP: 5/5
  3165 | D:4      | Reached XP level 6. HP: 43/65 MP: 6/6
  3520 | D:4      | Reached skill level 5 in Fighting
  3542 | D:4      | Found a runed translucent door.
  3542 | D:4      | Noticed Gypyx's ghost (amateur MiBe)
  4306 | D:4      | Reached XP level 7. HP: 60/72 MP: 7/7
  4482 | D:5      | Entered Level 5 of the Dungeon
  4854 | D:4      | Killed from afar by an orc wizard

Illustrated notes

Levels and vault maps discovered:
D:1:      wander_arrival_lonely_grave, layout_loops_ring
D:2:      layout_loops_cross, lemuel_coloured_pillars_altar,
          chequers_mini_garden, chequers_serial_rivers_micro_c, uniq_natasha
D:3:      layout_loops_ring, gup_sewer_entry_spiral, kennysheep_nub
D:4:      minmay_razor_zed, layout_basic, hellmonk_ghost_happy_afterlife
D:5:      layout_layer_cave, minmay_misc_feat_columns, dk_noncrumbling_2,
          solitary_fountain

Skill      XL: |  1  2  3  4  5  6 |
---------------+-------------------+-----
Fighting       | 3 4 5 |  5.4
Dodging        | 2 3 |  3.9
Maces & Flails | 1 2 3 4 |  4.1
Throwing       | |  4.0
Stealth        | |  0.6

Action                   |  1- 3 |  4- 6 |  7- 9 || total
-------------------------+-------+-------+-------++-------
Melee: Short sword       |    58 |       |       ||    58
       Whip              |    44 |   203 |    35 ||   282
Throw: Dart              |     2 |     5 |     1 ||     8
  Use: Scroll            |       |     5 |       ||     5
 Stab: Sleeping          |     1 |       |       ||     1
Armor: Robe              |    35 |    36 |     4 ||    75
Dodge: Dodged            |    43 |    87 |    23 ||   153
